Map: Pylon LE

Players

ManlyManMeat - Winner!

  • Race: Zerg Zerg
  • Spawn Location: 5:00

jex

  • Race: Protoss Protoss
  • League: Platinum
  • Spawn Location: 11:00

VOD

Have the link to the VOD?

Description

Time

  • Played on: May 16, 2025, 10:31 a.m.
  • Length: 11:28
Show
View Real Time Build Order
Export as new Build Order

ManlyManMeat Zerg - Winner!

Build Orders: Hatch First 

Get SALT Encoding   

  12  0:00  Drone  
  13  0:12  Overlord  
  13  0:16  Drone  
  14  0:31  Drone  
  14  0:35  Drone x2  
  17  0:51  Hatchery  
  16  1:06  Drone  
  16  1:07  Drone  
  16  1:10  Extractor  
  17  1:16  Spawning Pool  
  16  1:20  Drone x2  
  18  1:29  Drone  
  19  1:44  Drone  
  20  1:50  Overlord  
  20  2:03  Queen x2  
  20  2:08  Zergling x4  
  26  2:14  Metabolic Boost  
  26  2:17  Drone  
  26  2:18  Drone  
  28  2:36  Zergling x4  
  30  2:37  Zergling x4  
  32  2:44  Queen  
  32  2:47  Drone  
  32  2:48  Drone  
  36  2:59  Overlord  
  36  3:01  Overlord  
  35  3:27  Hatchery  
  33  3:41  Queen  
  35  3:42  Queen  
  35  3:45  Drone  
  35  3:46  Drone x6  
  44  3:57  Baneling Nest  
  44  3:58  Extractor  
  42  4:04  Overlord x2  
  42  4:07  Drone x3  
  45  4:27  Zergling x10  
  45  4:28  Zergling x2  
  51  4:40  Overlord x3  
  51  4:59  Zergling x8  
  56  5:00  Zergling x4  
  56  5:02  Lair  
  57  5:15  Drone  
  57  5:16  Drone x5  
  63  5:48  Zergling x6  
  63  5:49  Zergling x16  
  73  5:50  Zergling x2  
  74  6:00  Overlord x2  
  74  6:01  Drone x2  
  74  6:02  Drone  
  77  6:05  Overseer x3  
  77  6:15  Overseer  
  70  7:37  Zergling x18  
  78  7:55  Zergling x32  
  78  7:56  Zergling x6  
  94  8:02  Evolution Chamber  
  94  8:05  Evolution Chamber  
  79  8:51  Zergling x28  
  86  8:56  Baneling  
  86  9:13  Hatchery  
  86  9:15  Overseer  
  85  9:17  Zergling x22  
  96  9:31  Overlord  
  95  9:32  Overlord  
  95  9:33  Overlord  
  73  10:57  Drone x4  
  73  10:58  Drone x5  
  73  10:59  Drone x4  
Show
View Real Time Build Order
Export as new Build Order

jex Protoss 

Build Orders:  

Get SALT Encoding   

  12  0:01  Probe  
  13  0:13  Probe  
  14  0:23  Pylon  
  14  0:29  Probe  
  15  0:42  Gateway  
  15  0:47  Probe  
  16  0:57  Pylon  
  16  0:59  Assimilator, Probe  
  17  1:07  Assimilator  
  17  1:11  Probe  
  18  1:23  Probe  
  19  1:32  Pylon  
  19  1:35  Cybernetics Core  
  19  1:37  Forge  
  19  1:44  Assimilator  
  19  1:45  Probe  
  20  1:57  Probe  
  21  2:10  Probe  
  22  2:22  Probe  
  23  2:23  Robotics Facility  
  23  2:24  Stalker  
  23  2:27  Pylon  
  24  2:50  Photon Cannon  
  24  2:51  Shield Battery  
  24  2:53  Gateway  
  24  3:25  Immortal  
  30  3:41  Zealot  
  30  3:43  Zealot  
  32  3:55  Pylon  
  32  3:58  Pylon  
  32  4:04  Probe  
  32  4:08  Zealot  
  35  4:10  Zealot  
  37  4:18  Gateway  
  37  4:21  Gateway  
  37  4:30  Warp Prism  
  37  4:38  Warp Gate  
  39  5:05  Twilight Council  
  39  5:09  Gateway  
  39  5:15  Pylon  
  39  5:40  Zealot  
  41  6:11  Nexus  
  41  6:39  Zealot x4  
  49  6:40  Charge, Zealot  
  49  6:59  Protoss Ground Weapons Level 1  
  41  7:15  Immortal  
  41  7:17  Dark Shrine  
  45  7:38  Stargate  
  45  7:44  Probe  
  45  7:45  Probe  
  47  7:57  Probe x2  
  44  8:09  Probe x2  
  39  8:22  Probe  
  39  8:23  Probe  
  41  8:33  Sentry x5  
  51  8:35  Probe x2  
  43  9:03  Probe x2  
  45  9:15  Probe x2  
  47  9:18  Dark Templar  
  47  9:23  Dark Templar  
  51  9:27  Probe x2  
  53  9:39  Probe x2  
  53  9:51  Probe  
Tags
 
League
Platinum
Matchup
PvZ
Spawn Locations
Cross Positions
Add a new tag
Caveats
  • Supply blocks, unpowered buildings, or Contaminate may cause inaccurate times.
  • Supply counts are checked every 10 seconds.